 Dungeon Crawl Stone Soup version 0.28.0-43-g3370ac3207 (webtiles) character file.

Game seed: 13851224732780961063

3542 Zeld the Geomancer (level 10, -5/59 HPs)
             Began as a Gargoyle Earth Elementalist on Mar 1, 2022.
             Was a Believer of Vehumet.
             Shot with an arrow by a centaur warrior (10 damage)
             ... on level 8 of the Dungeon.
             The game lasted 00:13:09 (11500 turns).

Zeld the Geomancer (Gargoyle Earth Elementalist)   Turns: 11500, Time: 00:13:10

Health: -5/59      AC: 12    Str: 12    XL:     10   Next: 8%
Magic:  21/21      EV: 12    Int: 20    God:    Vehumet [**....]
Gold:   581        SH:  0    Dex: 10    Spells: 14/24 levels left

rFire   . . .      SeeInvis .   a - staff of earth
rCold   . . .      Faith    .   (no shield)
rNeg    + . .      Spirit   .   b - +0 robe
rPois   ∞          Reflect  .   (no helmet)
rElec   +          Harm     .   z - +1 cloak
rCorr   .          Rampage  .   (no gloves)
Will    .....                   g - +0 pair of boots
Stlth   ++........              (no amulet)
HPRegen 0.19/turn               (no ring)
MPRegen 0.17/turn               (no ring)

@: no status effects
A: sickness immunity, AC +7, negative energy resistance 1, electricity
resistance, torment resistance 1, petrification resistance
a: Renounce Religion


You were on level 8 of the Dungeon.
You worshipped Vehumet.
Vehumet was pleased with you.
You visited 2 branches of the dungeon, and saw 9 of its levels.

You collected 581 gold pieces.

Inventory:

Missiles
 r - 121 stones
Armour
 b - a +0 robe (worn)
 g - a +0 pair of boots (worn)
 z - a +1 cloak (worn)
Magical Staves
 a - a staff of earth (weapon)
Wands
 y - a wand of digging (4)
Scrolls
 d - 3 scrolls of noise {unknown}
 e - a scroll of identify
 h - 2 scrolls of amnesia
 l - 3 scrolls of enchant weapon
 n - 2 scrolls of enchant armour
 o - a scroll of magic mapping
 p - 3 scrolls of teleportation
Potions
 c - 2 potions of haste
 f - a potion of brilliance {unknown}
 j - 2 potions of might {unknown}
 m - a potion of curing {unknown}
 q - 3 potions of ambrosia {unknown}
 s - 2 potions of heal wounds {unknown}
 u - a potion of attraction {unknown}
 v - a potion of flight {unknown}
 w - 2 potions of lignification {unknown}


   Skills:
 - Level 5.0 Fighting
 - Level 2.0 Dodging
 - Level 4.0 Stealth
 * Level 7.8 Spellcasting
 + Level 6.0 Conjurations
 - Level 1.0 Transmutations
 * Level 10.4 Earth Magic


You had 14 spell levels left.
You knew the following spells:

 Your Spells              Type           Power      Damage    Failure   Level
a - Sandblast             Erth           100%       2d20      1%          1
b - Passwall              Tmut/Erth      38%        N/A       1%          2
c - Stone Arrow           Conj/Erth      100%       3d13      1%          3
d - Petrify               Tmut/Erth      46%        N/A       9%          4

Your spell library contained the following spells:

 Spells                   Type           Power      Damage    Failure   Level
 Searing Ray              Conj           62%        2d6       1%          2
 Foxfire                  Conj/Fire      76%        2x1d7     2%          1
 Beastly Appendage        Tmut           22%        N/A       6%          1
 Conjure Flame            Conj/Fire      19%        6-21      8%          3
 Slow                     Hex            28%        N/A       9%          1
 Wereblood                Tmut           11%        N/A       9%          2
 Spider Form              Tmut/Pois      9%         N/A       22%         3
 Confusing Touch          Hex            7%         N/A       26%         3
 Gell's Gravitas          Tloc           7%         N/A       26%         3
 Inner Flame              Hex/Fire       7%         N/A       26%         3
 Lesser Beckoning         Tloc           7%         N/A       26%         3
 Teleport Other           Tloc           7%         N/A       26%         3
 Vampiric Draining        Necr           7%         2d6       26%         3
 Flame Wave               Conj/Fire      19%        2d6       26%         4
 Dispersal                Tloc           3%         N/A       100%        6


Dungeon Overview and Level Annotations

Branches:
Dungeon (8/15)             Temple (1/1) D:4
   Lair: D:8-11

Altars:
Cheibriados
Dithmenos
Elyvilon
Fedhas
Gozag
Hepliaklqana
Kikubaaqudgha
Makhleb
Nemelex Xobeh
Okawaru
Qazlal
Ru
Sif Muna
Trog
Uskayaw
Vehumet
Wu Jian
Xom
Yredelemnul
Zin
The Shining One


Innate Abilities, Weirdness & Mutations

You are immune to sickness and miasma.
Your stone body is resilient. (AC +7)
You are immune to poison.
You resist negative energy. (rN+)
You are resistant to electric shocks. (rElec)
You are resistant to unholy torment.
You are immune to petrification.


Message History

* * * LOW HITPOINT WARNING * * *
As you read the scroll of summoning, it crumbles to dust.
Wisps of shadow whirl around you...
The centaur warrior unwields a +0 longbow.
The centaur warrior barely misses your killer bee. x2
What are your orders? t - Shout!
Orders for allies: a - Attack new target. r - Retreat! s - Stop attacking. g - Guard the area. f - Follow me.
Anything else - Cancel.
Gang up on whom?
Press: ? - help, Dir - move target, f - centaur warrior
Aim: a centaur warrior, quivering arrows (ally target) Attack!
Your killer bee stings the centaur warrior.
The centaur warrior is poisoned.
Your killer bee poisons the centaur warrior!
Your killer bee stings the centaur warrior.
The centaur warrior wields a +0 longbow.
The centaur warrior shoots an arrow.
The arrow hits your killer bee!
Your killer bee dies!
Your killer bee's corpse dissolves into shadows!
Your killer bee closely misses the centaur warrior.
Your killer bee stings the centaur warrior but does no damage.
The centaur warrior unwields a +0 longbow.
The centaur warrior hits your killer bee!
The centaur warrior closely misses your killer bee.
Your killer bee stings the centaur warrior but does no damage.
Your killer bee stings the centaur warrior.
The centaur warrior looks even sicker.
Your killer bee poisons the centaur warrior!
Your killer bee barely misses the centaur warrior.
Your killer bee stings the centaur warrior.
Your killer bee stings the centaur warrior but does no damage.
The centaur warrior wields a +0 longbow.
The centaur warrior shoots an arrow.
The arrow completely misses your killer bee.
The arrow hits you!
You die...

###################
..................#
#######.##........###
#.#####........ #.#
#.....###
#.#####g....#
#.##ggg...#.#
####y##h####.#[#
#..yyy@y# #.#.#
#.##c#### #.#.### #
#.# #.....# .c#
#.#.#.# ###. #.#.#.#
.#.#####.#.#.#
.........#.#.#
...#####.#.#.#
#.#.#.#


You could see a centaur warrior (very poisoned, ally target), a friendly gnoll
shaman (summoned), a friendly howler monkey (summoned), 5 friendly killer bees
and 3 friendly gnolls.

Vanquished Creatures
  A two-headed ogre (D:7)
  Pikel (D:7)
  An acid dragon (D:7)
  An orc warrior (D:4)
  2 sky beasts
  A black bear (D:5)
  3 ogres
  2 ice beasts
  3 necrophages
  4 centaurs
  A phantom (D:5)
  A kobold brigand (D:7)
  A lemure (D:7)
  A bullfrog (D:6)
  3 scorpions
  2 water moccasin zombies (D:6)
  A water moccasin skeleton (D:4)
  A centaur zombie (D:8)
  A bullfrog zombie (D:5)
  A gnoll shaman (D:7)
  2 hounds (D:6)
  A centaur skeleton (D:5)
  2 iguanas (D:5)
  A hound skeleton (D:4)
  2 howler monkey zombies (D:7)
  6 gnolls
  5 adders
  2 white imps
  An adder skeleton (D:4)
  2 adder zombies (D:5)
  A worm (D:2)
  13 orcs
  9 ball pythons
  7 endoplasms
  2 giant cockroaches (D:1)
  8 hobgoblins
  6 jackals
  4 quokkas
  11 bats
  5 frilled lizards
  10 goblins
  14 kobolds
  4 rats
150 creatures vanquished.

Vanquished Creatures (others)
  A plant (D:3)
1 creature vanquished.

Grand Total: 151 creatures vanquished

Notes
Turn   | Place    | Note
-------+----------+-------------------------------------------
     0 | D:1      | Zeld the Gargoyle Earth Elementalist began the quest for
                  | the Orb.
     0 | D:1      | Reached XP level 1. HP: 10/10 MP: 3/3
   276 | D:1      | Reached XP level 2. HP: 4/15 MP: 0/5
   303 | D:1      | Learned a level 2 spell: Passwall
   808 | D:1      | Reached skill level 1 in Transmutations
   808 | D:1      | Reached skill level 4 in Earth Magic
  1030 | D:1      | Reached XP level 3. HP: 20/20 MP: 4/6
  1034 | D:1      | Learned a level 3 spell: Stone Arrow
  2183 | D:2      | Reached skill level 1 in Fighting
  2248 | D:2      | Found a white marble altar of Elyvilon.
  2293 | D:2      | Reached XP level 4. HP: 25/25 MP: 4/8
  2380 | D:2      | Found a faded altar of an unknown god.
  3148 | D:3      | You fall into a shaft and drop 1 floor!
  3219 | D:4      | Noticed a necrophage
  3618 | D:4      | Reached skill level 1 in Conjurations
  3618 | D:4      | Reached XP level 5. HP: 13/29 MP: 2/9
  3811 | D:4      | Found a staircase to the Ecumenical Temple.
  3915 | Temple   | Entered the Ecumenical Temple
  4131 | Temple   | Became a worshipper of Vehumet
  4532 | D:3      | Learned a level 4 spell: Petrify
  5583 | D:4      | Noticed an ogre
  5605 | D:4      | Killed an ogre
  5606 | D:4      | Reached skill level 5 in Earth Magic
  5606 | D:4      | Reached XP level 6. HP: 32/35 MP: 0/11
  6173 | D:4      | Noticed an orc warrior
  6177 | D:4      | Killed an orc warrior
  6802 | D:4      | Killed a necrophage
  6803 | D:4      | Reached XP level 7. HP: 36/40 MP: 1/13
  6940 | D:5      | Entered Level 5 of the Dungeon
  6946 | D:5      | Reached skill level 6 in Earth Magic
  7194 | D:5      | Reached * piety under Vehumet
  7194 | D:5      | Offered knowledge of Shock by Vehumet.
  7354 | D:5      | Reached XP level 8. HP: 44/46 MP: 1/15
  7676 | D:5      | Reached skill level 5 in Spellcasting
  7676 | D:5      | Reached skill level 7 in Earth Magic
  9115 | D:6      | Reached skill level 8 in Earth Magic
  9343 | D:6      | Reached XP level 9. HP: 39/52 MP: 4/18
  9699 | D:7      | Found a bloodstained altar of Trog.
  9700 | D:7      | Found an opulent altar of Gozag.
  9701 | D:7      | Found a shadowy altar of Dithmenos.
  9702 | D:7      | Found a snail-covered altar of Cheibriados.
  9776 | D:7      | Noticed a two-headed ogre
  9781 | D:7      | Killed a two-headed ogre
  9782 | D:7      | Reached skill level 5 in Fighting
  9782 | D:7      | Reached skill level 5 in Conjurations
  9782 | D:7      | Reached skill level 9 in Earth Magic
  9843 | D:7      | Found a hide-covered altar of Uskayaw.
  9863 | D:7      | Noticed Pikel
  9881 | D:7      | Killed Pikel
 10223 | D:7      | Identified the +0 robe of Raeci {*Corrode rC+++ rN+ Regen+}
 10402 | D:7      | Found a blossoming altar of Fedhas.
 10499 | D:7      | Reached skill level 10 in Earth Magic
 10806 | D:7      | Reached XP level 10. HP: 59/59 MP: 15/21
 10821 | D:7      | Reached ** piety under Vehumet
 10821 | D:7      | Offered knowledge of Searing Ray by Vehumet.
 11079 | D:7      | Found a shimmering blue altar of Sif Muna.
 11492 | D:8      | Noticed a centaur warrior
 11500 | D:8      | Shot with an arrow by a centaur warrior

Illustrated notes

Levels and vault maps discovered:
D:1:      dpeg_cavernosity, layout_loops_ring
D:2:      layout_basic, chequers_ecumenical_altar_simple_redux, basic_altar,
          chequers_serial_rivers_large_a
D:3:      layout_basic, serial_forest, infiniplex_forest_clump_small,
          infiniplex_forest_straight_2, infiniplex_forest_diagonal,
          infiniplex_forest_lined_corner, infiniplex_forest_zigzag_1,
          infiniplex_forest_zigzag_1, infiniplex_forest_clump_small,
          infiniplex_forest_straight_4, infiniplex_forest_lined_room_2
D:4:      layout_loops_corners, minmay_temple_entry_statues_pillars
D:5:      layout_rooms
D:6:      layout_loops_ring, minmay_misc_feat_enclosed
D:7:      layout_gridville, pf_just_have_faith,
          mainiacjoe_overflow_cross_hatched, mainiacjoe_overflow_alcove_3,
          overflow_temple_1_default, serial_rivers,
          chequers_serial_rivers_small_a, chequers_serial_rivers_large_b,
          chequers_serial_rivers_room_b, chequers_serial_rivers_marsh,
          chequers_serial_rivers_micro_c, uniq_pikel
D:8:      layout_loops_ring, serial_shops, shop
Temple:   dpeg_chambers_temple

Skill      XL: |  1  2  3  4  5  6  7  8  9 10 |
---------------+-------------------------------+-----
Transmutations | 1 |  1.0
Earth Magic    | 4 5 6 8 10 | 10.4
Fighting       | 1 2 3 4 5 |  5.0
Dodging        | 2 |  2.0
Stealth        | 3 4 |  4.0
Conjurations   | 1 2 3 4 5 6 |  6.0
Spellcasting   | 3 4 6 7 |  7.8

Action                   |  1- 3 |  4- 6 |  7- 9 | 10-12 || total
-------------------------+-------+-------+-------+-------++-------
Melee: Unarmed           |     7 |       |       |       ||     7
       Staff             |    31 |   205 |    25 |     6 ||   267
       Punch             |       |     1 |     1 |       ||     2
 Cast: Sandblast         |    31 |    14 |     5 |     2 ||    52
       Stone Arrow       |       |    22 |    85 |    12 ||   119
  Use: Scroll            |       |       |       |    11 ||    11
 Stab: Sleeping          |     9 |     6 |       |       ||    15
Armor: Robe              |    21 |   100 |    39 |     4 ||   164
Dodge: Dodged            |    21 |   174 |    51 |     5 ||   251
